Map: Prion Terraces

Players

Akuma - Winner!

  • Race: Protoss Protoss
  • League: Platinum

LilDicky

  • Race: Terran Terran
  • League: Diamond

VOD

http://www.twitch.tv/tumescentpie

Description

Time

  • Played on: Dec. 4, 2015, 10:54 a.m.
  • Length: 6:29
Show
View Real Time Build Order
Export as new Build Order

Akuma Protoss - Winner!

Build Orders: Dark Templar Rush 

Get SALT Encoding   

  12  0:01  Probe (Chrono Boost)  
  13  0:12  Probe (Chrono Boost)  
  14  0:19  Pylon  
  14  0:23  Probe (Chrono Boost)  
  15  0:39  Gateway  
  15  0:41  Assimilator  
  15  0:49  Probe (Chrono Boost)  
  16  0:59  Pylon  
  16  1:10  Probe (Chrono Boost)  
  17  1:26  Cybernetics Core  
  17  1:31  Assimilator  
  17  1:35  Probe (Chrono Boost)  
  18  1:46  Probe (Chrono Boost), Pylon  
  19  1:56  Probe (Chrono Boost)  
  20  2:03  Stalker (Chrono Boost)  
  20  2:05  Warp Gate  
  22  2:09  Twilight Council  
  22  2:14  Probe  
  23  2:37  Robotics Facility  
  23  2:48  Stalker (Chrono Boost)  
  25  2:56  Mothership Core  
  27  3:18  Stalker (Chrono Boost)  
  29  3:29  Observer  
  30  3:37  Gateway  
  30  3:39  Gateway  
  28  3:57  Dark Shrine  
  28  4:24  Warp Prism  
  28  4:46  Probe  
  29  5:09  Pylon  
  29  5:20  Pylon  
  29  5:26  Dark Templar  
  29  5:27  Dark Templar x2  
  33  5:59  Zealot x2  
  33  6:00  Zealot  
  30  6:22  Stalker x2  
Show
View Real Time Build Order
Export as new Build Order

LilDicky Terran 

Build Orders: MMM Bio 

Get SALT Encoding   

  12  0:01  SCV  
  13  0:13  SCV  
  14  0:18  Supply Depot  
  14  0:25  SCV  
  15  0:30  Refinery  
  15  0:40  SCV  
  16  0:46  Barracks  
  16  0:52  SCV  
  17  1:05  SCV  
  18  1:17  SCV  
  19  1:33  Orbital Command  
  19  1:34  Factory  
  19  1:35  Marine  
  19  1:39  Supply Depot  
  20  1:53  Marine  
  21  1:59  SCV  
  22  2:04  Barracks  
  22  2:07  Barracks  
  22  2:14  Refinery  
  22  2:20  SCV  
  22  2:22  Barracks Reactor  
  23  2:30  Supply Depot  
  23  2:32  Widow Mine  
  23  2:34  SCV  
  26  2:46  SCV  
  27  2:56  Barracks Tech Lab x2  
  27  2:58  SCV  
  27  2:59  Supply Depot  
  27  3:02  Widow Mine  
  30  3:11  SCV  
  31  3:16  Marine  
  31  3:17  Marauder  
  36  3:21  Combat Shields, Stimpack  
  36  3:24  Marine  
  34  3:30  Marauder  
  34  3:47  Marauder, Marine x2  
  38  3:48  SCV  
  38  3:52  Marauder  
  38  3:55  Supply Depot  
  41  4:03  Starport  
  41  4:04  Marine  
  41  4:06  Widow Mine  
  44  4:10  SCV  
  44  4:12  Marine  
  46  4:27  Marauder x2, Marine  
  46  4:30  SCV, Marine  
  53  4:35  Supply Depot  
  51  4:40  Concussive Shells  
  51  4:48  Medivac  
  53  4:57  Marine x3  
  53  4:58  SCV, Marauder  
  57  5:02  Supply Depot  
  57  5:13  SCV  
  60  5:21  Supply Depot  
  60  5:31  Marine  
  60  5:32  Marauder x2  
  33  5:59  Orbital Command  
Tags
 
Add a new tag
Caveats
  • Supply blocks, unpowered buildings, or Contaminate may cause inaccurate times.
  • Supply counts are checked every 10 seconds.